 Dungeon Crawl Stone Soup version 0.28.0-53-g5a82cb258f (webtiles) character file.

Game seed: 10126859567273105481

104 SanguineChosen the Chopper (level 4, 0/41 HPs)
             Began as a Minotaur Berserker on Aug 3, 2022.
             Was a Believer of Trog.
             Slain by a river rat (8 damage)
             ... in a sewer.
             The game lasted 00:09:16 (2263 turns).

SanguineChosen the Chopper (Minotaur Berserker)     Turns: 2263, Time: 00:09:17

Health: 0/41       AC:  9    Str: 24    XL:     4   Next: 52%
Magic:  3/3        EV:  9    Int:  4    God:    Trog [**....]
Gold:   55         SH:  0    Dex:  9    Spells: 3/3 levels left

rFire   . . .      SeeInvis .   a - +0 hand axe
rCold   . . .      Faith    .   (no shield)
rNeg    . . .      Spirit   .   h - +0 chain mail
rPois   .          Reflect  .   (helmet restricted)
rElec   .          Harm     .   (no cloak)
rCorr   .          Rampage  .   (no gloves)
Will    .....                   (no boots)
Stlth   ..........              (no amulet)
HPRegen 0.13/turn               (no ring)
MPRegen 0.08/turn               (no ring)

@: slowed, very slow
A: horns 2, retaliatory headbutt
a: Renounce Religion, Berserk, Trog's Hand


You were in a sewer.
You worshipped Trog.
Trog was pleased with you.
You visited 1 branch of the dungeon, and saw 3 of its levels.
You also visited: Sewer.

You collected 55 gold pieces.

Inventory:

Hand Weapons
 a - a +0 hand axe (weapon)
Missiles
 j - 4 poisoned darts (quivered)
Armour
 b - a +0 animal skin
 h - a +0 chain mail (worn)
Jewellery
 c - an amulet of faith
Scrolls
 e - a scroll of teleportation
 f - a scroll of identify {unknown}
 g - a scroll of fear {unknown}
 l - a scroll of torment {unknown}
Potions
 i - a potion of resistance {unknown}
 k - a potion of cancellation {unknown}
 m - a potion of attraction {unknown}


   Skills:
 + Level 4.4 Fighting
 + Level 5.0 Axes
 + Level 3.1 Armour
 + Level 3.1 Dodging


You had 3 spell levels left.
You didn't know any spells.
Your spell library was empty.

Dungeon Overview and Level Annotations

Branches:
Dungeon (3/15)              Sewer (1/1)

Altars:


Innate Abilities, Weirdness & Mutations

You have a pair of horns on your head.
You reflexively headbutt those who attack you in melee.


Message History

* * * LOW HITPOINT WARNING * * *
You feel very sick.
The kobold brigand hits you but does no damage. x2
It was a potion of curing.
You feel better.
Your surroundings suddenly seem different.
Splash!
You fall into the shallow water.
Moving in this stuff is going to be slow. 2 river rats and a kobold come into view.
The kobold is wielding a +0 whip and quivering poisoned darts.
Found a scroll labelled KEWIFUIHUYKK and a blue potion.
The river rat bites you but does no damage.
The river rat bites you. The river rat barely misses you.
You feel better.
The river rat bites you but does no damage.
The river rat barely misses you.
A kobold comes into view. It is wielding a +0 whip.
You hit the river rat.
The river rat is moderately wounded.
You hit the river rat. The river rat bites you.
The river rat barely misses you.
The kobold throws a stone.
The stone hits you but does no damage. The river rat bites you.
The river rat barely misses you.
You closely miss the river rat. You headbutt the river rat!
You kill the river rat!
Trog accepts your kill.
You hit the river rat but do no damage.
The kobold throws a stone.
The stone hits you. The river rat bites you!
* * * LOW HITPOINT WARNING * * *
The kobold closely misses you.
Your Axes skill increases to level 5!
The kobold hits you with a +0 whip.
* * * LOW HITPOINT WARNING * * *
The river rat bites you.
* * * LOW HITPOINT WARNING * * *
You hit the kobold.
You kill the kobold!
Trog accepts your kill.
You hit the river rat. The river rat bites you!
You die...

##### ##@..##
#≈)r..#
.?K..K......≈≈≈≈
!.#####..≈.≈####
##.≈≈## ##≈## ≈#
≈# ≈#


You could see a river rat and a kobold.

Vanquished Creatures
  5 adders
  A river rat (Sewer)
  2 dart slugs
  4 ball pythons
  An endoplasm (Sewer)
  A giant cockroach (D:3)
  4 goblins
  7 hobgoblins
  7 kobolds
  5 quokkas
  7 bats
  A frilled lizard (D:2)
  2 rats
47 creatures vanquished.

Notes
Turn   | Place    | Note
-------+----------+-------------------------------------------
     0 | D:1      | SanguineChosen the Minotaur Berserker began the quest for
                  | the Orb.
     0 | D:1      | Reached XP level 1. HP: 19/19 MP: 0/0
   192 | D:1      | Reached XP level 2. HP: 4/27 MP: 1/1
   641 | D:1      | Reached skill level 4 in Axes
   934 | D:1      | Reached XP level 3. HP: 33/33 MP: 2/2
  1876 | D:2      | Reached XP level 4. HP: 38/41 MP: 3/3
  2076 | D:3      | Reached ** piety under Trog
  2218 | D:3      | Found a glowing drain.
  2238 | Sewer    | Entered a sewer
  2240 | Sewer    | Noticed a kobold brigand
  2262 | Sewer    | Reached skill level 5 in Axes
  2263 | Sewer    | Slain by a river rat

Illustrated notes

Levels and vault maps discovered:
D:1:      minmay_arrival_pointy, layout_basic
D:2:      layout_rooms
D:3:      cheibrodos_fertilizer, layout_basic, cheibrodos_sewer_entry_drain,
          amcnicky_mini_corridor_feature
Sewer:    sewer_co_15_rooms

Skill      XL: |  1  2  3  4 |
---------------+-------------+-----
Fighting       | 4 |  4.4
Axes           | 4 5 |  5.0
Armour         | 3 |  3.1
Dodging        | 3 |  3.1

Action                   |  1- 3 |  4- 6 || total
-------------------------+-------+-------++-------
Melee: Hand axe          |    75 |    29 ||   104
       Headbutt          |     6 |     3 ||     9
       Punch             |     1 |     1 ||     2
  Use: Potion            |       |     2 ||     2
       Scroll            |       |     1 ||     1
Armor: Animal skin       |    10 |       ||    10
       Chain mail        |    13 |    19 ||    32
Dodge: Dodged            |    53 |    21 ||    74
